 Dungeon Crawl Stone Soup version 0.32-a0-433-g08bcfe7efd (webtiles) character file.

Game seed: 17148700811710544235

196 thiscave3701365 the Chopper (level 5, -3/47 HPs)
             Began as a Mountain Dwarf Berserker on Feb 22, 2024.
             Was a Believer of Trog.
             Slain by a gnoll
             ... wielding a +0 flail
             ... led by a gnoll bouda
              (4 damage)
             ... on level 4 of the Dungeon.
             The game lasted 00:05:31 (3238 turns).

thiscave3701365 the Chopper (MDBe)                  Turns: 3238, Time: 00:05:31

Health: -3/47      AC:  9    Str: 22    XL:     5   Next: 46%
Magic:  5/5        EV: 10    Int:  7    God:    Trog [**....]
Gold:   181        SH:  0    Dex:  9    Spells: 4/4 levels left

rFire   . . .        l - +5 flail
rCold   . . .        (no shield)
rNeg    . . .        m - +0 scale mail
rPois   .            (no helmet)
rElec   .            (no cloak)
rCorr   .            (no gloves)
SInv    .            o - +2 pair of boots
Will    .....        (no amulet) Stlth
                     (no ring)
HPRegen 0.27/turn    (no ring)
MPRegen 0.09/turn

%: no passive effects
@: on berserk cooldown, slowed, very slow
A: runic magic, artefact enchanting
a: Renounce Religion, Berserk, Trog's Hand


You were on level 4 of the Dungeon.
You worshipped Trog.
Trog was pleased with you.
You visited 1 branch of the dungeon, and saw 4 of its levels.

You collected 181 gold pieces.

Inventory:

Hand Weapons
 a - a +0 hand axe
 j - a +1 sling of flaming
 k - a +2 vampiric trident
 l - a +5 flail (weapon)
Armour
 m - a +0 scale mail (worn)
 o - a +2 pair of boots (worn)
Talismans
 r - a blade talisman
Scrolls
 d - a scroll of vulnerability {unknown}
 f - 2 scrolls of identify {unknown}
 g - 2 scrolls of immolation {unknown}
 n - a scroll of teleportation {unknown}
 p - a scroll of silence {unknown}
 q - a scroll of fog {unknown}
 s - a scroll of fear {unknown}
Potions
 b - 2 potions of curing {unknown}
 c - a potion of ambrosia {unknown}
 e - 3 potions of attraction {unknown}
 h - 2 potions of heal wounds {unknown}
 i - a potion of enlightenment {unknown}


   Skills:
 + Level 4.4 Fighting
 + Level 5.3(5.5) Axes
 + Level 2.0(4.0) Maces & Flails
 + Level 2.4 Armour
 + Level 2.0 Dodging
 + Level 0.7 Stealth


You had 4 spell levels left.
You didn't know any spells.
Your spell library was empty.

Dungeon Overview and Level Annotations

Branches:
Dungeon (4/15)
 Temple: D:4-7

Altars:
Xom


Innate Abilities, Weirdness & Mutations

Your spellcasting is much less encumbered by armour.
You can use scrolls of enchantment on lesser artefacts.


Message History

You are too injured to fight recklessly!
You thump the gnoll!
The gnoll is almost dead.
The gnoll hits you from afar with a +0 spear.
* * * LOW HITPOINT WARNING * * *
The gnoll hits you with a +0 flail.
* * * LOW HITPOINT WARNING * * *
The gnoll bouda barely misses you.
You barely miss the gnoll.
The gnoll is almost dead.
The gnoll hits you with a +0 flail.
* * * LOW HITPOINT WARNING * * *
The gnoll closely misses you. The gnoll hits you but does no damage.
The gnoll bouda hits you but does no damage.
Unknown command.
You barely miss the gnoll bouda.
The gnoll bouda is moderately wounded.
The gnoll closely misses you. The gnoll barely misses you.
The gnoll hits you with a +0 flail.
* * * LOW HITPOINT WARNING * * *
Unknown command.
A goblin comes into view. It is wielding a +0 dagger.
You feel a strong urge to attack something.
The goblin shouts!
The gnoll hits you with a +0 flail.
* * * LOW HITPOINT WARNING * * *
The goblin moves out of view.
You are no longer berserk.
You are exhausted.
You feel yourself slow down.
A quokka comes into view.
Your attacks no longer feel as feeble.
The gnoll is no longer moving quickly.
The quokka bites the plant.
The plant begins to die.
The gnoll barely misses you. The gnoll misses you. x2
The gnoll bouda barks out a call to the hunt!
The gnoll picks up the pace!
The gnoll hits you from afar with a +0 spear.
* * * LOW HITPOINT WARNING * * *
The gnoll hits you with a +0 flail.
You die...

.P~~P#...
.P♣~.....
.~P~.....
#P~~P....
#PP♣~PP~.
#~P≈♣PP~P #
##PP≈≈~PPP
..#.####.gP~≈♣♣P♣
.......gg@~~~≈≈♣
......).g<#PP♣≈♣
.......)..#.P~~♣
...P......# ~P~~~
PP..PP...## .~P~P
.P.P.....#


.PPP P.....P..# ..g. P.PPP.P..# PPP..PP..# You could see a gnoll bouda and 3
gnolls.

Vanquished Creatures
  An orc priest (D:2)
  Terence (D:2)
  3 gnolls
  3 adders (D:2)
  A dart slug (D:1)
  A ribbon worm (D:2)
  6 orcs
  6 ball pythons
  7 bats
  6 endoplasms
  3 giant cockroaches
  5 goblins
  10 hobgoblins
  4 jackals (D:2)
  4 kobolds
  2 quokkas
  3 frilled lizards
  8 rats
74 creatures vanquished.

Notes
Turn   | Place    | Note
-------+----------+-------------------------------------------
     0 | D:1      | thiscave3701365 the Mountain Dwarf Berserker began the
                  | quest for the Orb.
     0 | D:1      | Reached XP level 1. HP: 19/19 MP: 1/1
   249 | D:1      | Reached XP level 2. HP: 17/26 MP: 2/2
   376 | D:1      | Reached skill level 4 in Axes
   896 | D:1      | Reached XP level 3. HP: 8/33 MP: 3/3
  1707 | D:2      | Reached ** piety under Trog
  1786 | D:2      | Noticed Terence
  1793 | D:2      | Killed Terence
  1794 | D:2      | Reached skill level 5 in Axes
  1794 | D:2      | Reached XP level 4. HP: 12/40 MP: 4/4
  1803 | D:2      | HP: 1/40 [goblin/+2 vampiric trident (9)]
  2196 | D:2      | Reached XP level 5. HP: 45/47 MP: 5/5
  2543 | D:2      | Reached skill level 1 in Maces & Flails
  3144 | D:3      | Found a shimmering altar of Xom.
  3236 | D:4      | HP: 2/70 [gnoll/+0 flail[a gnoll bouda] (5)]
  3238 | D:4      | Slain by a gnoll

Illustrated notes

Levels and vault maps discovered:
D:1:      minmay_arrival_split_and_join, layout_basic, dk_noncrumbling_4
D:2:      cheibrodos_pilgrimage, layout_basic, kennysheep_generic_room_12,
          uniq_terence
D:3:      layout_basic, xom_butterflies
D:4:      layout_basic, mainiacjoe_overflow_24_doors, temple_fountains,
          serial_bayou, serial_bayou_crossing, serial_bayou_shore_b,
          serial_bayou_lagoon_a, serial_bayou_ford_a, minmay_tree_intersection,
          nicolae_grassy_gnolls

Skill      XL: |  1  2  3  4  5 |
---------------+----------------+-----
Axes           | 4 5 |  5.3
Fighting       | 4 |  4.4
Dodging        | 2 |  2.0
Maces & Flails | 2 |  2.0
Armour         | |  2.4
Stealth        | |  0.7

Action                     |  1- 3 |  4- 6 || total
---------------------------+-------+-------++-------
  Melee: Hand axe          |   100 |     3 ||   103
         Flail             |       |    78 ||    78
 Invoke: Berserk           |     4 |     1 ||     5
 Armour: Animal skin       |    69 |     1 ||    70
         Scale mail        |       |    59 ||    59
  Dodge: Dodged            |    77 |    58 ||   135

Table legend: (Time is in decaauts)
 A = Elapsed time spent in this place.
 B = Non-inter-level travel time spent in this place.
 C = Inter-level travel time spent in this place.
 D = Time resting spent in this place.
 E = Time spent auto-exploring this place.
 F = Levels seen in this place.
 G = Mean time per level.
                   A        B        C        D        E       F      G
               +--------+--------+--------+--------+--------+-----+--------+
         Total |   3302 |   3193 |    109 |    671 |   2074 |   4 |  825.5 |
       Dungeon |   3302 |   3193 |    109 |    671 |   2074 |   4 |  825.5 |
               +--------+--------+--------+--------+--------+-----+--------+

Top non-repeatable levels by time:
     D:1: 1637 daAuts
     D:2: 1177 daAuts
     D:3: 471 daAuts
     D:4: 15 daAuts
